 Dungeon Crawl Stone Soup version 0.29.1-4-g47bece8355 (webtiles) character file.

Game seed: 17402897371885315780

52392 croobank the Spry (level 14, -2/103 (109) HPs)
             Began as a Felid Summoner on Dec 8, 2022.
             Was an Initiate of Gozag.
             Slain by a tarantella (4 damage)
             ... led by a jorogumo
             ... while paralysed by a jorogumo
             ... on level 1 of the Spider Nest on Dec 9, 2022.
             The game lasted 04:13:57 (52009 turns).

croobank the Spry (Felid Summoner)                 Turns: 52009, Time: 04:13:58

HP:   -2/103 (109)  AC:  3    Str:  7    XL:     14   Next: 27%
MP:   1/30          EV:  4    Int: 23    God:    Gozag
Gold: 4807          SH:  0    Dex: 18    Spells: 0/36 levels left
                                        Lives: 0   Deaths: 4

rFire   + + .      SeeInvis +   (weapon unavailable)
rCold   + . .      Faith    .   (shield unavailable)
rNeg    . . .      Spirit   .   (body armour unavailable)
rPois   +          Reflect  +   (helmet unavailable)
rElec   .          Harm     .   (cloak unavailable)
rCorr   +          Rampage  .   (gloves unavailable)
Will    ++...                   (boots unavailable)
Stlth   ..........              N - amulet of reflection
HPRegen 0.27/turn               i - ring of poison resistance
MPRegen 0.22/turn               a - ring of Borraufi {rF++ rCorr Str+3 Slay-4}

@: confused, paralysed, berserking, held, slowed, studying Dodging, drained,
quick
A: very small, claws 1, fangs 3, see invisible, speed 1, shaggy fur 3, stealthy
paws, no weapons or thrown items, no armour, multi-lived
a: Renounce Religion, Potion Petition, Call Merchant, Bribe Branch


You were on level 1 of the Spider Nest.
You worshipped Gozag.
Gozag was most pleased with you.
You visited 5 branches of the dungeon, and saw 24 of its levels.
You also visited: Gauntlet.

You collected 9189 gold pieces.
You spent 176 gold pieces at shops.
You paid 4206 gold pieces to Gozag.

Inventory:

Jewellery
 a - the ring of Borraufi (right paw) {rF++ rCorr Str+3 Slay-4}
   (You found it on level 5 of the Lair of Beasts)

   [ring of resist corrosion]

   Str:       It affects your strength (+3).
   Slay:      It affects your accuracy & damage with ranged weapons and melee
   (-4).
   rF:        It greatly protects you from fire.
   rCorr:     It protects you from acid and corrosion.
 h - a ring of willpower
 i - a ring of poison resistance (left paw)
 m - a ring of ice
 v - a ring of wizardry
 w - a +4 ring of evasion
 y - a +6 ring of strength
 z - a ring of willpower
 E - a ring of fire
 F - a ring of flight
 M - a ring of protection from fire
 N - an amulet of reflection (around neck)
Wands
 d - a wand of acid (22)
 j - a wand of charming (11)
 n - a wand of roots (10)
 q - a wand of mindburst (29)
 G - a wand of digging (8)
 J - a wand of flame (14)
Scrolls
 e - 9 scrolls of identify
 f - 6 scrolls of teleportation
 g - 4 scrolls of vulnerability
 o - a scroll of fog
 p - 8 scrolls of immolation
 t - 2 scrolls of amnesia
 x - 2 scrolls of noise
 D - 2 scrolls of fear
 I - 7 scrolls of silence
 L - 2 scrolls of summoning
Potions
 c - a potion of mutation
 k - a potion of invisibility
 l - 3 potions of flight
 r - a potion of lignification
 s - 4 potions of attraction
 A - 5 potions of curing
 B - 2 potions of resistance
 C - 8 potions of ambrosia
 K - 2 potions of brilliance
Miscellaneous
 b - a piece from Xom's chessboard (15/15)
 u - a phantom mirror
 H - a phial of floods


   Skills:
 - Level 15.0 Fighting
 - Level 19.0 Dodging
 - Level 3.3 Stealth
 + Level 11.5 Spellcasting
 - Level 5.0 Conjurations
 - Level 7.0 Hexes
 - Level 12.5 Summonings
 - Level 5.0 Necromancy
 - Level 5.0 Translocations
 - Level 7.0 Air Magic
 - Level 5.0 Earth Magic
 + Level 4.3 Poison Magic


You couldn't memorise any spells.
You knew the following spells:

 Your Spells              Type           Power      Damage    Failure   Level
a - Olgreb's Toxic Radia  Pois           33%        N/A       9%          4
b - Iskenderun's Mystic   Conj/Tloc      36%        2d9       6%          4
c - Call Canine Familiar  Summ           63%        N/A       1%          3
d - Summon Guardian Gole  Hex/Summ       55%        N/A       1%          3
e - Summon Lightning Spi  Summ/Air       55%        N/A       1%          4
f - Stone Arrow           Conj/Erth      72%        3d11      1%          3
g - Passwall              Tmut/Erth      20%        N/A       2%          2
h - Summon Mana Viper     Hex/Summ       55%        N/A       2%          5
i - Anguish               Hex/Necr       20%        N/A       4%          4
j - Summon Ice Beast      Ice/Summ       42%        N/A       3%          4

Your spell library contained the following spells:

 Spells                   Type           Power      Damage    Failure   Level
 Magic Dart               Conj           100%       1d8       1%          1
 Sandblast                Erth           72%        2d16      1%          1
 Sting                    Tmut/Pois      92%        1d7       1%          1
 Summon Small Mammal      Summ           100%       N/A       1%          1
 Call Imp                 Summ           63%        N/A       1%          2
 Poisonous Vapours        Pois/Air       78%        N/A       1%          2
 Gell's Gravitas          Tloc           36%        N/A       1%          3
 Lesser Beckoning         Tloc           36%        N/A       1%          3
 Teleport Other           Tloc           36%        N/A       1%          3
 Freeze                   Ice            52%        1d7       4%          1
 Fulminant Prism          Conj/Hex       20%        3d13      4%          4
 Conjure Flame            Conj/Fire      24%        6-21      5%          3
 Scorch                   Fire           26%        2d6       8%          2
 Ignite Poison            Fire/Tmut/Pois 19%        N/A       9%          3
 Frozen Ramparts          Ice            26%        1d4       14%         3
 Hailstorm                Conj/Ice       24%        3d7       17%         4
 Sticky Flame             Conj/Fire      24%        2d5       17%         4
 Iskenderun's Battlesphe  Conj           36%        2d9       17%         5
 Monstrous Menagerie      Summ           31%        N/A       24%         7
 Iron Shot                Conj/Erth      18%        9d4       67%         6
 Haunt                    Necr/Summ      26%        N/A       75%         7
 Blade Hands              Tmut           6%         N/A       80%         5
 Enfeeble                 Hex            22%        N/A       93%         7
 Infestation              Necr           18%        N/A       100%        8
 Lehudib's Crystal Spear  Conj/Erth      18%        10d5      100%        8
 Animate Armour           Summ/Erth      Unusable   N/A       N/A         4
 Animate Dead             Necr           Unusable   N/A       N/A         4

Dungeon Overview and Level Annotations

Branches:
Dungeon (15/15)            Temple (1/1) D:7            Lair (5/5) D:11
 Shoals (0/4) Lair:3       Spider (1/4) Lair:3        Slime (0/5) Lair:4
    Orc (2/2) D:10            Elf (0/3) Orc:2        Vaults (0/5) D:13
 Depths (0/4) D:15        Gauntlet (visited)

Altars:
Ashenzari
Cheibriados
Dithmenos
Elyvilon
Gozag
Hepliaklqana
Makhleb
Qazlal
Ru
Sif Muna
Trog
Uskayaw
Vehumet
Wu Jian
Yredelemnul
Zin
The Shining One
Lugonu

Shops:
D:8 *   D:14 ?   Orc:2 [[[[[

Portals:
Abyss: Lair:5


Innate Abilities, Weirdness & Mutations

You have sharp claws.
You have razor-sharp teeth.
You have supernaturally acute eyesight. (SInv)
You cover ground quickly. (Speed+)
Your thick and shaggy fur keeps you warm. (AC +3, rC+)
Your paws help you pounce on unaware monsters.
You are incapable of wielding weapons or throwing items.
You cannot wear armour.
You gain extra lives every three experience levels.


Message History

Casting: Stone Arrow (safe; 1% risk of failure)
Confirm with . or Enter, or press ? or * to list all spells.
Aiming: Stone Arrow (safe; 1% risk of failure)
Press: ? - help, Shift-Dir - straight line, f/p - jorogumo
Aim: a jorogumo (lightly wounded, 60% to hit)
The stone arrow hits the jorogumo!
The jorogumo is moderately wounded.
Your guardian golem is engulfed in blazing flames.
Flame seeps out of your guardian golem. [a] - 286 gold - heal wounds, curing and berserk rage [b] - 240 gold - might and brilliance [c] - 290 gold - haste Purchase which effect?
You feel much better.
You feel better.
A red film seems to cover your vision as you go berserk!
You feel yourself moving faster!
You feel mighty! The jorogumo hits you.
You feel yourself slow down. The jorogumo hits you!!
You feel as though you will be slow longer.
You struggle to detach yourself from the web.
You feel a strong urge to attack something.
The tarantella touches you! The jorogumo hits you!!
You feel as though you will be slow longer.
The tarantella touches you!
* * * LOW HITPOINT WARNING * * *
You are confused.
You struggle to detach yourself from the web.
The steelbarb worm is no longer distracted by gold.
The steelbarb worm hits your guardian golem.
Flame seeps out of your guardian golem.
Your guardian golem is skewered by barbed spikes.
The tarantella touches you.
* * * LOW HITPOINT WARNING * * *
You are more confused.
The jorogumo hits you!
* * * LOW HITPOINT WARNING * * *
You suddenly lose the ability to move!
The steelbarb worm barely misses your guardian golem.
The tarantella touches you.
You die...
Your body crumbles into a pile of gold.

#...##....##
##.........#
..
##...###.^#
..#
##.##...##
...^
####^..##
.....#....###
....$#...##
.......H##
###.w9$○@#
#......s##
#......##
#.....^
#######


You could see a jorogumo, a steelbarb worm (ally target), a tarantella and a
friendly guardian golem (summoned, inner flame, skewered).

Vanquished Creatures
  A very ugly thing (D:15)
  A minotaur (Gauntlet)
  A hydra (Lair:5)
  A centaur warrior (D:14)
  A death yak (Lair:5)
  A thrashing horror (Lair:5)
  2 orc high priests
  A fire crab (shapeshifter) (D:15)
  A steelbarb worm (Spider:1)
  A wizard (D:13)
  7 ugly things
  A cyclops (D:13)
  An orc sorcerer (Orc:2)
  2 wolf spiders
  A manticore (D:13)
  2 elephants (Lair:3)
  2 torpor snails
  5 cane toads
  A minotaur zombie (Gauntlet)
  A kobold demonologist (D:12)
  5 komodo dragons
  A wind drake (Lair:3)
  3 polar bears
  3 tarantellas (Lair:3)
  4 blink frogs
  A dream sheep (Lair:3)
  Sigmund (D:4)
  A culicivora (Spider:1)
  A jumping spider (Spider:1)
  5 yaks
  A large abomination (Lair:5)
  2 humans (D:13)
  3 vampire mosquitoes (D:13)
  3 basilisks
  2 redbacks
  A warg (D:10)
  An acid dragon (D:10)
  2 water moccasins
  An ice beast (D:6)
  8 ogres
  A centaur (D:12)
  6 wolves
  A phantom (D:6)
  5 bullfrogs (Lair:3)
  A nameless horror (Orc:1)
  4 kobold brigands
  A scorpion (D:6)
  2 killer bees (Lair:3)
  4 electric eels (D:11)
  A howler monkey (D:8)
  A vampire bat (Lair:3)
  2 orc priests (Orc:1)
  A hound (D:6)
  3 orc wizards (Orc:1)
  2 adders
  A white imp (D:6)
  An ufetubus (D:4)
  17 orcs
  5 bats
  An endoplasm (D:4)
  2 giant cockroaches
  2 hobgoblins
  2 quokkas
  A ball python (D:1)
  A frilled lizard (D:3)
  5 goblins
  6 kobolds
162 creatures vanquished.

Vanquished Creatures (collateral kills)
  Rupert (D:13)
  An entropy weaver (Lair:3)
  A great orb of eyes (D:15)
  3 hydras
  Erolcha (Orc:1)
  A boulder beetle (D:13)
  A catoblepas (Lair:2)
  3 centaur warriors
  A two-headed ogre (D:9)
  6 death yaks
  2 tengu warriors
  2 orc high priests (Orc:2)
  A thrashing horror (Lair:5)
  Urug (D:13)
  Lodul (D:13)
  2 orc knights (Orc:2)
  A wizard (Gauntlet)
  4 deep elf pyromancers
  7 ugly things
  2 oklob plants
  2 orc sorcerers (Orc:2)
  3 cyclopes
  9 elephants
  A moth of wrath (shapeshifter) (Lair:5)
  5 manticores
  A black mamba (shapeshifter) (Lair:5)
  A black mamba (Lair:1)
  A smoke demon (Lair:5)
  2 cane toads
  A rime drake (shapeshifter) (D:14)
  A rime drake (Lair:3)
  9 komodo dragons
  3 kobold demonologists
  2 efreet
  3 tengu conjurers
  2 ancient zymes (Lair:5)
  3 polar bears (D:12)
  3 trolls
  4 slime creatures
  16 blink frogs
  3 dream sheep (Lair:3)
  A spriggan (Lair:5)
  A ynoxinul (Lair:5)
  A culicivora (Spider:1)
  2 centaur simulacra (D:12)
  A shadow (D:12)
  20 yaks
  2 wraiths
  2 wyverns (Lair:3)
  13 humans (D:13)
  4 basilisks
  2 chaos spawn (Lair:5)
  2 steam dragons
  7 wargs
  4 vampire mosquitoes
  2 acid dragons
  9 water moccasins
  17 orc warriors
  2 ice beasts
  A black bear (D:5)
  5 ogres
  4 centaurs (D:11)
  10 wolves
  A phantom (D:5)
  21 kobold brigands
  A necrophage (D:6)
  7 bullfrogs
  A gnoll sergeant (D:9)
  4 scorpions
  A cane toad simulacrum (Gauntlet)
  A wight (D:7)
  14 killer bees (Lair:3)
  9 small abominations (Lair:5)
  2 howler monkeys (D:10)
  2 electric eels (D:12)
  A nameless horror (Orc:1)
  7 hounds
  8 orc priests
  3 jellies
  A gnoll bouda (D:10)
  4 iguanas
  15 orc wizards
  8 gnolls
  5 adders
  A shadow imp (D:8)
  3 white imps
  An ufetubus (D:4)
  A worm (D:3)
  A dart slug (D:3)
  56 orcs
  4 ball pythons
  8 bats
  5 endoplasms
  2 giant cockroaches
  5 goblins
  7 hobgoblins
  3 jackals (D:1)
  A quokka (D:2)
  2 frilled lizards (D:1)
  36 kobolds
  5 rats
  3 bushes (Lair:5)
489 creatures vanquished.

Vanquished Creatures (others)
  The ghost of Ahonude the Brawler, a journeyman TrMo of Qazlal (D:13)
  2 very ugly things (D:15)
  2 hydras
  An ice dragon (D:12)
  2 two-headed ogres
  2 centaur warriors
  An alligator snapping turtle (shapeshifter) (Lair:5)
  A thrashing horror (Lair:5)
  5 death yaks
  4 orc knights
  5 ugly things (D:15)
  2 manticores
  An oklob plant (Lair:4)
  3 elephants (Lair:3)
  Joseph (D:8)
  A gargoyle (D:11)
  6 cane toads
  Maggie (D:10)
  A torpor snail (Gauntlet)
  3 komodo dragons
  2 kobold demonologists
  A freezing wraith (D:15)
  A queen bee (Lair:3)
  3 polar bears
  2 trolls
  A blink frog (Lair:5)
  2 centaur simulacra (Gauntlet)
  A spriggan (Lair:2)
  15 yaks
  3 basilisks
  A human (D:13)
  3 wyverns
  2 small abominations (Lair:5)
  A vampire mosquito (D:15)
  Menkaure (D:7)
  2 water moccasins
  An ice beast (D:6)
  2 black bears
  6 orc warriors
  18 wolves
  2 centaurs
  2 kobold brigands
  2 bullfrogs
  3 wights (D:7)
  15 killer bees
  2 orc priests (Orc:2)
  3 iguanas (Lair:1)
  An orc wizard (D:7)
  2 gnolls
  4 orcs
  3 bushes
  49 fungi
  86 plants
  28 withered plants (Gauntlet)
315 creatures vanquished.

Grand Total: 966 creatures vanquished

Notes
Turn   | Place    | Note
-------+----------+-------------------------------------------
     0 | D:1      | croobank the Felid Summoner began the quest for the Orb.
     0 | D:1      | Reached XP level 1. HP: 7/7 MP: 4/4
   197 | D:1      | Reached skill level 3 in Dodging
   470 | D:1      | Reached XP level 2. HP: 11/11 MP: 3/6
   477 | D:1      | Learned a level 2 spell: Call Imp
  1434 | D:2      | Reached XP level 3. HP: 15/15 MP: 3/7
  1438 | D:2      | Learned a level 3 spell: Call Canine Familiar
  1772 | D:2      | Reached skill level 1 in Fighting
  2140 | D:2      | Found a faded altar of an unknown god.
  2653 | D:3      | Found a broken altar of Ashenzari.
  2868 | D:3      | Reached XP level 4. HP: 19/19 MP: 2/8
  3132 | D:3      | Found a stormy altar of Qazlal.
  3166 | D:3      | Found a bloodstained altar of Trog.
  3499 | D:3      | Reached skill level 4 in Dodging
  3743 | D:4      | Reached XP level 5. HP: 17/23 MP: 2/10
  3834 | D:4      | Learned a level 3 spell: Summon Guardian Golem
  3920 | D:4      | Noticed Sigmund
  3935 | D:4      | Killed Sigmund
  3936 | D:4      | Gained mutation: You are covered in thick fur. (AC +2)
                  | [Felid growth]
  3936 | D:4      | Reached XP level 6. HP: 19/28 MP: 3/11
  4308 | D:4      | Reached skill level 5 in Summonings
  4803 | D:5      | Entered Level 5 of the Dungeon
  5331 | D:5      | Reached skill level 5 in Dodging
  5331 | D:5      | Reached XP level 7. HP: 14/31 MP: 2/13
  6289 | D:5      | Learned a level 4 spell: Summon Lightning Spire
  6647 | D:6      | Reached XP level 8. HP: 7/36 MP: 6/14
  6727 | D:6      | Reached skill level 5 in Fighting
  7139 | D:6      | Reached skill level 6 in Dodging
  7139 | D:6      | Reached skill level 1 in Air Magic
  7349 | D:6      | Found a hazy altar of Hepliaklqana.
  7419 | D:6      | Noticed a two-headed ogre
  7436 | D:6      | Reached skill level 5 in Hexes
  7436 | D:6      | Killed a two-headed ogre
  7442 | D:6      | Shot with an arrow by a centaur
  7443 | D:6      | Reached XP level 7. HP: -4/35 MP: 0/15
  7461 | D:6      | Reached XP level 8. HP: 39/39 MP: 7/16
  7498 | D:6      | Reached skill level 7 in Dodging
  7799 | D:6      | Reached skill level 5 in Spellcasting
  8945 | D:7      | Reached XP level 9. HP: 43/43 MP: 4/17
  9338 | D:7      | Found a staircase to the Ecumenical Temple.
  9350 | Temple   | Entered the Ecumenical Temple
  9387 | Temple   | Became a worshipper of Gozag Ym Sagoz the Greedy
  9796 | D:7      | Noticed Menkaure
  9811 | D:7      | Killed Menkaure
  9812 | D:7      | Reached skill level 8 in Dodging
 10189 | D:7      | Found a shimmering blue altar of Sif Muna.
 11159 | D:8      | Noticed Joseph
 11170 | D:8      | Killed Joseph
 11389 | D:8      | Found Vourph Jipa's General Store.
 11492 | D:8      | Bought a wand of mindburst (4) for 72 gold pieces
 11492 | D:8      | Bought a potion of invisibility for 104 gold pieces
 11633 | D:8      | Reached XP level 10. HP: 49/49 MP: 6/19
 11637 | D:8      | Learned a level 3 spell: Stone Arrow
 12145 | D:9      | Found a burning altar of Makhleb.
 12190 | D:9      | Reached skill level 1 in Conjurations
 12190 | D:9      | Reached skill level 1 in Earth Magic
 12307 | D:9      | Reached skill level 9 in Dodging
 12405 | D:9      | Noticed a two-headed ogre
 12414 | D:9      | Killed a two-headed ogre
 13573 | D:9      | Noticed a cyclops
 13604 | D:9      | Killed a cyclops
 14352 | D:10     | Entered Level 10 of the Dungeon
 14369 | D:10     | Noticed Maggie
 14373 | D:10     | Reached skill level 5 in Air Magic
 14388 | D:10     | Killed Maggie
 14438 | D:10     | Reached XP level 11. HP: 48/54 MP: 2/21
 14996 | D:10     | Found a staircase to the Orcish Mines.
 15083 | D:10     | Found a glowing silver altar of Zin.
 15433 | D:10     | Found an ornate altar of the Wu Jian Council.
 15483 | D:10     | HP: 2/54 [poisoned by a kobold brigand (curare-tipped
                  | dart)]
 15484 | D:10     | Reached skill level 10 in Fighting
 16024 | D:9      | Learned a level 2 spell: Passwall
 16451 | D:10     | Found a shadowy altar of Dithmenos.
 16566 | D:10     | Slain by an acid dragon
 16567 | D:10     | Reached XP level 10. HP: -3/51 MP: 16/21
 16846 | D:10     | Reached skill level 10 in Dodging
 17439 | D:11     | Found a staircase to the Lair.
 17450 | D:11     | Noticed a five-headed hydra
 17465 | D:11     | Killed a five-headed hydra
 17481 | D:11     | Noticed a manticore
 17488 | D:11     | Killed a manticore
 17691 | D:11     | Reached XP level 11. HP: 38/55 MP: 0/22
 17985 | D:11     | Identified the +2 robe "Teol" {Str+5}
 18002 | D:11     | Noticed a soul eater
 18003 | D:11     | Noticed a sun demon
 18574 | Lair:1   | Entered Level 1 of the Lair of Beasts
 19208 | Lair:1   | Identified the +1 short sword "Trog's Outrage" {protect,
                  | rElec Int+4}
 20473 | Lair:2   | Noticed a death yak
 20479 | Lair:2   | Noticed a death yak
 20489 | Lair:2   | Killed a death yak
 20491 | Lair:2   | Killed a death yak
 20560 | Lair:2   | Noticed a death yak
 20560 | Lair:2   | Noticed a death yak
 20581 | Lair:2   | Killed a death yak
 20584 | Lair:2   | Killed a death yak
 20870 | Lair:2   | Reached skill level 11 in Dodging
 20911 | Lair:2   | Gained mutation: Your thick and shaggy fur keeps you warm.
                  | (AC +3, rC+) [Felid growth]
 20911 | Lair:2   | Reached XP level 12. HP: 60/60 MP: 14/24
 21099 | Lair:2   | Noticed a catoblepas
 22167 | Lair:1   | Reached skill level 5 in Conjurations
 22660 | Lair:2   | Identified the +2 pair of gloves "Elakikit" {Dex+3}
 22799 | Lair:2   | Reached skill level 5 in Earth Magic
 22954 | Lair:2   | Learned a level 5 spell: Summon Mana Viper
 24224 | Lair:2   | Killed a catoblepas
 24626 | Lair:3   | Noticed a death yak
 24723 | Lair:3   | Noticed a death yak
 24733 | Lair:3   | Killed a death yak
 24740 | Lair:3   | Noticed a death yak
 24742 | Lair:3   | Noticed a death yak
 24746 | Lair:3   | Killed a death yak
 24748 | Lair:3   | Killed a death yak
 24759 | Lair:3   | Killed a death yak
 25085 | Lair:3   | Reached skill level 12 in Dodging
 25085 | Lair:3   | Reached skill level 10 in Summonings
 25275 | Lair:3   | Reached XP level 13. HP: 53/65 MP: 15/26
 25760 | Lair:3   | Found a hole to the Spider Nest.
 25999 | Lair:3   | Found a staircase to the Shoals.
 29010 | Lair:4   | Reached skill level 13 in Dodging
 29129 | Lair:4   | Identified the +6 long sword "Gysajomu" {vorpal, +Blink Fly
                  | rElec}
 29317 | Lair:4   | Found a staircase to the Slime Pits.
 30643 | Lair:5   | Entered Level 5 of the Lair of Beasts
 30841 | Lair:5   | Found a gate leading to a gauntlet.
 30867 | Gauntlet | Entered a Gauntlet
 30867 | Gauntlet | Noticed a cacodemon
 30867 | Gauntlet | Found a transporter.
 30867 | Gauntlet | Found a transporter.
 30868 | Gauntlet | Found a transporter.
 30868 | Gauntlet | Found a transporter.
 30872 | Gauntlet | Found a transporter.
 30898 | Gauntlet | Found a transporter.
 30908 | Gauntlet | Found a transporter.
 30923 | Gauntlet | Found a transporter.
 30939 | Gauntlet | Found a transporter.
 30954 | Gauntlet | Found a transporter.
 30960 | Gauntlet | Found a transporter.
 31006 | Gauntlet | Found a transporter.
 31162 | Gauntlet | Learned a level 4 spell: Anguish
 31275 | Gauntlet | Learned a level 4 spell: Summon Ice Beast
 31661 | Gauntlet | Identified the +10 dagger of Evantoe {elec, Str+3 Int+3}
 31661 | Gauntlet | Noticed a minotaur
 31672 | Gauntlet | Killed a minotaur
 31735 | Gauntlet | Got the Incunabulum of Scorching Bolts
 32035 | Lair:5   | Identified the ring of Borraufi {rF++ rCorr Str+3 Slay-4}
 32062 | Lair:5   | Reached XP level 14. HP: 71/71 MP: 14/28
 32178 | Lair:5   | Reached skill level 10 in Spellcasting
 32832 | Lair:5   | Reached skill level 14 in Dodging
 35108 | Lair:5   | Found a corrupted altar of Lugonu.
 35108 | Lair:5   | Found a one-way gate to the infinite horrors of the Abyss.
 35651 | D:12     | Reached skill level 15 in Dodging
 37063 | D:13     | Noticed Rupert
 37063 | D:13     | Noticed Urug
 37063 | D:13     | Found a gate to the Vaults.
 37131 | D:13     | Found a runed translucent door.
 37133 | D:13     | Noticed Ahonude's ghost (journeyman TrMo)
 37922 | Orc:1    | Entered Level 1 of the Orcish Mines
 37931 | D:10     | Learned a level 4 spell: Iskenderun's Mystic Blast
 38223 | D:10     | Reached skill level 1 in Translocations
 38528 | Orc:1    | You fall into a shaft and drop 1 floor!
 38528 | Orc:2    | Entered Level 2 of the Orcish Mines
 38545 | Orc:2    | Found Kisefif's Antique Armour Shop.
 38575 | Orc:1    | HP: 2/72 [orc priest/divine providence[an orc high priest]
                  | (12)]
 39711 | Orc:1    | Noticed Erolcha
 39776 | Orc:1    | Slain by Erolcha
 39777 | Orc:1    | Reached XP level 13. HP: -1/68 MP: 3/28
 39811 | Orc:2    | Reached skill level 16 in Dodging
 39864 | Orc:1    | Killed Erolcha
 40125 | Orc:1    | Reached skill level 1 in Necromancy
 40266 | Orc:2    | Found a staircase to the Elven Halls.
 41039 | Orc:2    | Reached XP level 14. HP: 72/72 MP: 27/29
 41776 | Orc:2    | Reached skill level 5 in Translocations
 41901 | Orc:2    | Found Liddeneq's Armour Shoppe.
 41901 | Orc:2    | Found Bikhioh's Armour Boutique.
 41903 | Orc:2    | Found Cappi Muegy's Armour Boutique.
 41903 | Orc:2    | Found Uniupopt's Antique Armour Shoppe.
 42201 | D:13     | Killed Rupert
 42365 | D:13     | Reached skill level 15 in Fighting
 42415 | D:13     | Killed Urug
 43069 | D:13     | Reached skill level 17 in Dodging
 44350 | D:13     | Killed Ahonude's ghost
 44606 | D:14     | Noticed Lodul
 44757 | D:13     | Killed Lodul
 46761 | D:14     | Found a basalt altar of Yredelemnul.
 46793 | D:15     | Entered Level 15 of the Dungeon
 46998 | D:14     | Reached skill level 18 in Dodging
 47240 | D:15     | Found a sacrificial altar of Ru.
 47456 | D:15     | Noticed a white very ugly thing
 47456 | D:15     | Noticed a white very ugly thing
 47475 | D:15     | Killed a white very ugly thing
 47476 | D:15     | Reached skill level 1 in Poison Magic
 47479 | D:15     | Killed a white very ugly thing
 47501 | D:15     | Reached skill level 5 in Necromancy
 48942 | D:15     | Reached XP level 15. HP: 77/77 MP: 23/31
 49572 | D:15     | Reached skill level 19 in Dodging
 49572 | D:15     | Paralysed by a great orb of eyes for 3 turns
 49880 | D:15     | Found a staircase to the Depths.
 50872 | Lair:3   | Learned a level 4 spell: Olgreb's Toxic Radiance
 50873 | Spider:1 | Entered Level 1 of the Spider Nest
 51751 | Lair:3   | Slain by a wolf spider
 51752 | Lair:3   | Reached XP level 14. HP: -1/73 MP: 2/30
 52008 | Spider:1 | HP: 2/103 [jorogumo (14)]
 52008 | Spider:1 | Paralysed by a jorogumo for 3 turns
 52009 | Spider:1 | Slain by a tarantella

Illustrated notes

Levels and vault maps discovered:
D:1:      dpeg_arrival_stonehenge_8_columns, layout_rooms, serial_corexii_hall,
          chequers_hall_statues_y, corexii_hall_statues_i,
          chequers_hall_statues_corner_a, corexii_hall_statues_x,
          corexii_hall_statues_l, chequers_hall_statues_corner_a
D:2:      layout_rooms, hellmonk_ecumenical_altar_zigzags, minmay_cupped
D:3:      layout_loops_cross, mainiacjoe_overflow_alcove_1,
          trog_three_pillars_becter, old_standard_altar
D:4:      layout_basic, uniq_sigmund
D:5:      layout_loops_ring, minmay_statues_item, feat_on_display
D:6:      layout_loops_ring, nicolae_hepliaklqana_hazy_memory,
          minmay_alternating_orb
D:7:      layout_loops_ring, mainiacjoe_overflow_alcove_2,
          minmay_temple_entry_junction, uniq_menkaure
D:8:      layout_cave_pools, serial_shops, shop, grunt_ministairs_10,
          kennysheep_decorative_pillar, dreamdust_deal_with_the_devil,
          uniq_joseph
D:9:      layout_roguey, mainiacjoe_overflow_tiny_flanked
D:10:     layout_roguey [special_room_kobold], nzn_wu_jian_council_hall,
          lemuel_coloured_pillars_altar, mainiacjoe_overflow_cross_hatched,
          minmay_orc_entry_temple_small, enter_bailey_7,
          nicolae_straight_to_the_point, uniq_maggie
D:11:     layout_irregular_city, erik_lair_island
D:12:     minmay_coctagon, layout_basic, lightli_corner_chamber
D:13:     layout_small_grid, david_vaults_3, ebering_ghost_inner_flame,
          minmay_hollow_rounded_squares, uniq_urug
D:14:     layout_gridville, abandoned_shop, yredelemnul_altar_generic,
          uniq_lodul
D:15:     gammafunk_enter_depths_forms, layout_basic,
          hangedman_abyss_or_decor_slice, minmay_misc_feat_alley,
          nicolae_ru_awakened_eye
Temple:   oiseaux_autumnal_temple
Lair:1:   layout_regular_city, beast_lair_carwin_2
Lair:2:   nzn_winding_woodlands_three_and_one
          [nzn_winding_woodlands_5x15_garden, nzn_winding_woodlands_5x15_pool,
          nzn_winding_woodlands_5x15_parted,
          nzn_winding_woodlands_center_garden], layout_layer_cave,
          grunt_forest_stairs_clearing
Lair:3:   layout_roguey [special_room_bee], minmay_shoals_entry_beasts,
          spider_nest_entry_web_field, roderic_batcave, nzn_random_ring,
          lemuel_fruit_tree
Lair:4:   layout_hall_layers, minmay_slime_entry_oklob_enclosed, st_stairs_13,
          beast_lair_carwin_6, uniq_rupert
Lair:5:   hellmonk_lair_end_abyssal_woods, layout_regular_city,
          gauntlet_entry_generic, serial_rivers, chequers_serial_rivers_micro_e,
          chequers_serial_rivers_micro_a, chequers_serial_rivers_room_b,
          chequers_serial_rivers_small_a, chequers_serial_rivers_micro_c,
          chequers_serial_rivers_micro_b, st_stairs_5, minmay_lair_oklob_bushes
Spider:1: layout_spider_delve, nicolae_spider_bzzzt, uniq_louise
Orc:1:    layout_caves, basic_altar, uniq_erolcha
Orc:2:    grunt_orc_tribal_feast, layout_caves, serial_shops,
          nicolae_diamond_shop, basic_altar, mines1_david

Skill      XL: |  1  2  3  4  5  6  7  8  9 10 11 12 13 14 15 |
---------------+----------------------------------------------+-----
Stealth        | 3 |  3.3
Dodging        | 3 4 5 7 8 10 11 12 16 18 19 | 19.0
Fighting       | 1 2 3 4 7 8 9 11 12 13 15 | 15.0
Spellcasting   | 3 5 7 8 9 11 | 11.5
Hexes          | 2 4 5 7 |  7.0
Summonings     | 5 6 7 8 9 10 11 12 | 12.5
Air Magic      | 3 4 5 6 7 |  7.0
Conjurations   | 2 4 5 |  5.0
Earth Magic    | 2 4 5 |  5.0
Translocations | 5 |  5.0
Necromancy     | 1 5 |  5.0
Poison Magic   | 2 4 |  4.3

Action                   |  1- 3 |  4- 6 |  7- 9 | 10-12 | 13-15 || total
-------------------------+-------+-------+-------+-------+-------++-------
Melee: Unarmed           |    42 |    52 |    42 |    86 |   111 ||   333
       Punch             |     1 |       |       |     1 |       ||     2
       Bite              |     5 |     3 |     4 |    13 |    26 ||    51
 Cast: Summon Small Mamm |    40 |    23 |    62 |     7 |    22 ||   154
       Call Imp          |    16 |    12 |    27 |    10 |     5 ||    70
       Call Canine Famil |     8 |    17 |    48 |    36 |    38 ||   147
       Summon Guardian G |       |     1 |    34 |    68 |   128 ||   231
       Summon Lightning  |       |       |     7 |    77 |   102 ||   186
       Stone Arrow       |       |       |       |    94 |   160 ||   254
       Passwall          |       |       |       |     5 |       ||     5
       Summon Mana Viper |       |       |       |     9 |   151 ||   160
       Summon Ice Beast  |       |       |       |       |    48 ||    48
       Iskenderun's Myst |       |       |       |       |    53 ||    53
       Anguish           |       |       |       |       |     9 ||     9
       Olgreb's Toxic Ra |       |       |       |       |     2 ||     2
Invok: Potion Petition   |       |       |       |     3 |     4 ||     7
       Call Merchant     |       |       |       |       |     1 ||     1
Evoke: Wand              |       |     1 |    18 |    22 |    18 ||    59
       Piece from Xom's  |       |       |       |     1 |       ||     1
       Phial of floods   |       |       |       |       |     1 ||     1
  Use: Scroll            |       |     3 |    21 |     8 |     9 ||    41
       Potion            |       |       |     3 |    12 |     8 ||    23
 Stab: Distracted        |     1 |     2 |     2 |       |     3 ||     8
       Sleeping          |     1 |    10 |     4 |     1 |     6 ||    22
Armor: Skin              |     3 |     4 |     8 |    10 |    18 ||    43
Dodge: Dodged            |    39 |    60 |   104 |   261 |   546 ||  1010
Block: Other             |       |       |       |       |     8 ||     8
       Reflection        |       |       |       |       |     2 ||     2
